 Dungeon Crawl Stone Soup version 0.21.1-1-g345015f (webtiles) character file.

1162 diana the Cruncher (level 8, -3/62 HPs)
             Began as a Minotaur Gladiator on June 3, 2018.
             Was a Follower of Okawaru.
             Slain by an ogre
             ... wielding a +0 giant club
              (12 damage)
             ... on level 5 of the Dungeon.
             The game lasted 00:08:07 (3685 turns).

diana the Cruncher (Minotaur Gladiator)             Turns: 3685, Time: 00:08:08

Health: -3/62      AC:  3    Str: 19    XL:     8   Next: 17%
Magic:  7/7        EV: 12    Int:  5    God:    Okawaru [*.....]
Gold:   269        SH:  0    Dex: 14    Spells: 7/7 levels left

rFire    . . .     SeeInvis .   a - +0 quarterstaff
rCold    . . .     Gourm    .   (shield currently unavailable)
rNeg     . . .     Faith    .   b - +0 leather armour
rPois    .         Spirit   .   c - +0 hat
rElec    .         Reflect  .   (no cloak)
rCorr    .         Harm     .   (no gloves)
MR       .....                  (no boots)
Stlth    +.........             (no amulet)
HPRegen  0.20/turn              (no ring)
MPRegen  0.10/turn              (no ring)

@: drained
A: retaliatory headbutt, horns 2
a: Heroism, Renounce Religion


You were on level 5 of the Dungeon.
You worshipped Okawaru.
Okawaru was aware of your devotion.
You were not hungry.

You visited 2 branches of the dungeon, and saw 6 of its levels.

You collected 269 gold pieces.

Inventory:

Hand Weapons
 a - a +0 quarterstaff (weapon)
Missiles
 d - 3 throwing nets (quivered)
Armour
 b - a +0 leather armour (worn)
 c - a +0 hat (worn)
Magical Staves
 q - an uncursed staff of summoning
Jewellery
 m - an uncursed ring of protection from fire {unknown}
 n - a cursed -3 ring of dexterity {unknown}
 r - a +3 amulet of reflection {unknown}
Wands
 i - a wand of enslavement (13)
 t - a wand of flame (35)
Scrolls
 e - a scroll of enchant weapon {unknown}
 g - a scroll of immolation {unknown}
 h - 6 scrolls of identify {unknown}
 j - a scroll of fear {unknown}
 k - a scroll of magic mapping {unknown}
 l - 2 scrolls of teleportation {unknown}
 o - 2 scrolls of remove curse {unknown}
 u - a scroll of fog {unknown}
Books
 p - a book of Conjurations

   Spells                             Type                      Level
   a - Magic Dart                     Conjuration                  1
   b - Searing Ray                    Conjuration                  2
   c - Dazzling Spray                 Conjuration/Hexes            3
   d - Fulminant Prism                Conjuration/Hexes            4
   e - Force Lance                    Conjuration/Translocation    4
   f - Iskenderun's Mystic Blast      Conjuration                  4
Comestibles
 f - 3 rations
 s - 2 chunks of flesh


   Skills:
 - Level 2.4(1.8) Fighting
 + Level 11.9(11.1) Staves
 - Level 2.0(1.4) Throwing
 - Level 3.2(2.6) Dodging


You had 7 spell levels left.
You didn't know any spells.

Dungeon Overview and Level Annotations

Branches:
Dungeon (5/15)             Temple (1/1) D:4

Altars:
Ashenzari
Cheibriados
Dithmenos
Elyvilon
Fedhas
Gozag
Hepliaklqana
Kikubaaqudgha
Makhleb
Nemelex Xobeh
Okawaru
Qazlal
Ru
Sif Muna
Trog
Vehumet
Xom
Yredelemnul
Zin
The Shining One


Innate Abilities, Weirdness & Mutations

You reflexively headbutt those who attack you in melee.
You have a pair of horns on your head.


Message History

The wight closely misses you. You furiously retaliate!
You headbutt the wight. You hit the wight.
You destroy the wight!
Okawaru accepts your kill.
An ogre comes into view. It is wielding a giant club.
The ogre shouts!
Things that are here:
a scimitar; a robe You barely miss the ogre.
The ogre closely misses you.
You completely miss the ogre. You hit the ogre.
The ogre is lightly wounded.
The ogre hits you with a giant club!
* * * LOW HITPOINT WARNING * * *
You sock the ogre! You headbutt the ogre.
The ogre is heavily wounded.
You sock the ogre!
The ogre is almost dead.
The ogre hits you with a giant club!
You die...

# .##. #.... #. .....
.#.## ......
.....##########...... #
.............)......
#.##.........O@)......
#.#................(..
#<..........!.........
#..............>....
#+#'#.............######
#+# ..................#
#..###+#
.....#'###########
#...... ....
#..........# #...... ...
##########.# #......


You could see an ogre.

Vanquished Creatures
  The ghost of Jaiteiro the Chopper, a novice MiFi (D:4)
  An ogre (D:4)
  Blork the orc (D:5)
  A bullfrog (D:4)
  A scorpion (D:4)
  4 wights (D:5)
  A crimson imp (D:3)
  2 orc priests
  2 centaur skeletons (D:4)
  2 worker ants
  The ghost of Iko the Sneak, a weakling KoAs (D:3)
  3 gnolls (D:4)
  9 adders
  An adder skeleton (D:4)
  3 worms
  A dart slug (D:2)
  3 leopard geckos
  9 orcs
  5 giant cockroaches
  8 goblins
  5 hobgoblins
  7 jackals
  2 quokkas
  7 bats
  5 frilled lizards
  A jackal skeleton (D:3)
  9 kobolds
  2 quokka skeletons
  7 rats
104 creatures vanquished.

Notes
Turn   | Place    | Note
-------+----------+-------------------------------------------
     0 | D:1      | diana the Minotaur Gladiator began the quest for the Orb.
     0 | D:1      | Reached XP level 1. HP: 18/18 MP: 0/0
    76 | D:1      | Reached skill level 4 in Staves
   161 | D:1      | Reached XP level 2. HP: 21/25 MP: 1/1
   626 | D:2      | Reached skill level 5 in Staves
   627 | D:2      | Reached XP level 3. HP: 30/30 MP: 2/2
   829 | D:2      | Reached skill level 6 in Staves
   829 | D:2      | Reached XP level 4. HP: 17/37 MP: 3/3
  1172 | D:3      | Noticed Iko's ghost (weakling KoAs)
  1186 | D:3      | Killed Iko's ghost
  1590 | D:3      | Reached skill level 7 in Staves
  1590 | D:3      | Reached XP level 5. HP: 42/42 MP: 4/4
  2202 | D:3      | Reached skill level 8 in Staves
  2253 | D:4      | Reached XP level 6. HP: 35/50 MP: 5/5
  2256 | D:4      | Noticed Jaiteiro's ghost (novice MiFi)
  2637 | D:4      | Reached skill level 9 in Staves
  2983 | D:4      | Found a staircase to the Ecumenical Temple.
  3054 | D:4      | Reached XP level 7. HP: 36/56 MP: 6/6
  3135 | Temple   | Entered the Ecumenical Temple
  3219 | Temple   | Became a worshipper of Warmaster Okawaru
  3294 | D:4      | Killed Jaiteiro's ghost
  3294 | D:4      | Reached skill level 11 in Staves
  3481 | D:5      | Entered Level 5 of the Dungeon
  3506 | D:5      | Reached * piety under Okawaru
  3565 | D:5      | Noticed Blork the orc
  3572 | D:5      | Killed Blork the orc
  3642 | D:5      | Reached XP level 8. HP: 62/62 MP: 7/7
  3685 | D:5      | Slain by an ogre

Skill      XL: |  1  2  3  4  5  6  7 |
---------------+----------------------+-----
Staves         | 4 5 6 7 8 9 11 | 11.9
Fighting       | |  2.4
Throwing       | |  2.0
Dodging        | |  3.2

Action                   |  1- 3 |  4- 6 |  7- 9 || total
-------------------------+-------+-------+-------++-------
Melee: Quarterstaff      |    83 |   120 |    59 ||   262
       Headbutt          |     5 |    29 |    19 ||    53
  Use: Potion            |     2 |     1 |     1 ||     4
  Eat: Chunk             |       |     4 |     1 ||     5
       Ration            |       |     1 |       ||     1
Armor: Leather armour    |    14 |    15 |     3 ||    32
       Skin              |    25 |       |       ||    25
Dodge: Dodged            |    56 |    56 |    21 ||   133
